 Dungeon Crawl Stone Soup version 0.25-a0-632-g7713895373 (webtiles) character file.

Game seed: 8278170828633228857, levelgen mode: classic

44 EnegeticOcto the Ducker (level 3, -7/26 HPs)
             Began as an Octopode Fighter on Mar 19, 2020.
             Killed from afar by Sigmund (9 damage)
             ... with a magic dart
             ... on level 2 of the Dungeon.
             The game lasted 00:01:03 (1860 turns).

EnegeticOcto the Ducker (Octopode Fighter)          Turns: 1860, Time: 00:01:04

Health: -7/26      AC:  1    Str: 15    XL:     3   Next: 60%
Magic:  3/3        EV: 12    Int: 10    God:
Gold:   41         SH:  8    Dex: 12    Spells: 2/2 levels left

rFire    . . .     SeeInvis .   a - +0 war axe
rCold    . . .     Gourm    .   b - +0 kite shield
rNeg     . . .     Faith    .   (helmet restricted)
rPois    .         Spirit   .   (no amulet)
rElec    .         Reflect  .   (no ring)
rCorr    .         Harm     .   (no ring)
MR       .....                  (no ring)
Stlth    ++........             (no ring)
HPRegen  0.08/turn              (no ring)
MPRegen  0.08/turn              (no ring)
                                (no ring)
                                (no ring)

@: no status effects
A: almost no armour, stealthy swim, amphibious, 8 rings, constrict 8, camouflage
1, gelatinous body 1
a: no special abilities


You were on level 2 of the Dungeon.
You were not hungry.

You visited 1 branch of the dungeon, and saw 2 of its levels.

You collected 41 gold pieces.

Inventory:

Hand Weapons
 a - a +0 war axe (weapon)
Armour
 b - a +0 kite shield (worn)
Jewellery
 i - an uncursed ring of ice
Scrolls
 d - a scroll of identify {unknown}
 j - a scroll of magic mapping {unknown}
Potions
 c - a potion of cancellation {unknown}
 f - 2 potions of heal wounds {unknown}
 g - a potion of brilliance {unknown}
 h - a potion of magic {unknown}
 k - a potion of might {@q3}
Comestibles
 e - a ration
 l - a chunk of flesh


   Skills:
 + Level 3.3 Fighting
 * Level 2.8 Axes
 + Level 3.3 Dodging
 + Level 3.3 Shields


You had 2 spell levels left.
You didn't know any spells.
Your spell library was empty.

Dungeon Overview and Level Annotations

Branches:
Dungeon (2/15)

Altars:

Annotations:
D:1 1 exclusion
D:2 Natasha, Robin, Sigmund


Innate Abilities, Weirdness & Mutations

You cannot wear most types of armour.
You are very stealthy in the water. (Stealth+)
You are amphibious.
You can wear up to eight rings at the same time.
You can use your tentacles to constrict eight enemies at once.
Your skin changes colour to match your surroundings (Stealth+).
Your rubbery body absorbs attacks. (AC +1, EV +1)


Message History

You kill the goblin!
Things that are here:
a +0 dagger; a goblin corpse x2
You start resting.
You are feeling very hungry.
There is a stone staircase leading down here.
You climb downwards.
Level annotation: Robin A dart slug comes into view.
Found a shiny brass ring and 2 gold pieces.
Found a stone staircase leading down.
There is a stone staircase leading up here.
The helpless dart slug fails to defend itself.
You slash the dart slug!
You kill the dart slug!
No target in view!
HP restored.
You butcher the dart slug corpse.
h - 2 chunks of flesh Eating one of 2 chunks of flesh.
You eat one of the 2 chunks of flesh.
This raw flesh tastes terrible.
i - a shiny brass ring You feel more attuned to ice.
i - a ring of ice (left tentacle)
You remove your ring of ice.
You now have 41 gold pieces (gained 2).
A bat comes into view.
A bat is nearby!
The helpless bat fails to defend itself.
You hit the bat. Your grab misses the bat.
The bat is severely wounded.
The bat barely misses you. The bat hits you but does no damage.
You hit the bat.
You kill the bat!
No target in view!
A shadow imp comes into view.
A shadow imp is nearby!
The shadow imp shouts, "Remove thy stench, thou venomed weevil-witted simpleton!"
You completely miss the shadow imp. Your grab misses the shadow imp.
Your squeeze misses the shadow imp. The shadow imp gestures at you.
Pain shoots through your body! The shadow imp closely misses you.
You hit the shadow imp. You grab the shadow imp.
The shadow imp is lightly wounded.
You constrict the shadow imp. The shadow imp hits you.
You slash the shadow imp! You squeeze the shadow imp.
You kill the shadow imp!
No target in view!
No target in view!
No target in view!
No target in view!
Eating a chunk of flesh.
You eat the chunk of flesh.
This raw flesh tastes terrible.
You open the door.
A giant cockroach comes into view.
Found 19 stones, an emerald potion and a dark potion.
A giant cockroach is nearby!
Found a leather armour and a scroll labeled YGORIZ CARAGO.
There is an open door here.
Found a stone staircase leading down.
The helpless giant cockroach fails to defend itself.
You hit the giant cockroach.
You kill the giant cockroach!
No target in view!
No target in view!
h - an emerald potion You see here 20 arrows.
f - 2 dark potions (gained 1)
j - a scroll labeled YGORIZ CARAGO A bat comes into view.
A bat is nearby!
The helpless bat fails to defend itself.
You hit the bat but do no damage. Your grab misses the bat.
Your squeeze misses the bat. The bat closely misses you. The bat misses you.
You slash the bat!
You kill the bat!
You butcher the bat corpse.
l - a chunk of flesh You see here a bat skeleton. x2
Sigmund the Dreaded comes into view.
He is wielding a +0 scythe and wearing a +2 robe of positive energy.
Sigmund shouts!
You hear an angry hiss.
Sigmund is nearby!
Sigmund mumbles some strange words.
Sigmund flickers and vanishes!
Deactivating autopickup; reactivate with Ctrl-A.
Something tries to affect you, but you resist.
Natasha, Servant of Life and Death comes into view.
Natasha hisses angrily.
Natasha stares at you and mumbles some strange words.
The magic dart hits you! Natasha casts a spell at you.
You resist with significant effort. Something hits you!
Natasha stares at you and mumbles some strange words.
The magic dart hits you!
* * * LOW HITPOINT WARNING * * *
You hear some strange, mumbled words.
A magic dart appears from out of thin air!
The magic dart hits you!
You die...

+....h..........##
#................#
#..[.............###
#..................#
#...............#.#.#
..##................#
. #.......>....#.#.#
#......#.........#
#......#@......###
#......#......##
########......#
#######......#
.............#
....{.......รท#
.............#
##############


There were no monsters in sight!

Vanquished Creatures
  A shadow imp (D:2)
  2 dart slugs
  A leopard gecko (D:2)
  4 bats
  A giant cockroach (D:2)
  9 goblins (D:1)
  4 hobgoblins (D:1)
  3 kobolds (D:1)
  A frilled lizard (D:1)
  3 rats (D:1)
29 creatures vanquished.

Vanquished Creatures (others)
  5 toadstools (D:2)
5 creatures vanquished.

Grand Total: 34 creatures vanquished

Notes
Turn   | Place    | Note
-------+----------+-------------------------------------------
     0 | D:1      | EnegeticOcto the Octopode Fighter began the quest for the
                  | Orb.
     0 | D:1      | Reached XP level 1. HP: 16/16 MP: 1/1
   234 | D:1      | Reached XP level 2. HP: 16/21 MP: 2/2
  1279 | D:1      | Reached XP level 3. HP: 26/26 MP: 3/3
  1418 | D:2      | Noticed Robin
  1847 | D:2      | Noticed Sigmund
  1854 | D:2      | Noticed Natasha
  1860 | D:2      | Killed from afar by Sigmund

Levels and vault maps discovered:
D:1:      dpeg_arrival_morbid_curiosity, layout_basic
D:2:      cheibrodos_fertilizer, layout_basic,
          gammafunk_temple_overflow_forgotten, old_standard_altar, serial_glass,
          glass_columns_a, glass_columns_a, led_sif_pool, uniq_natasha,
          uniq_robin, uniq_sigmund

Action                   || total
-------------------------++-------
Melee: War axe           ||    49
       Constrict         ||    10
       Tentacles         ||     4
 Stab: Sleeping          ||     5
  Eat: Chunk             ||     3
Armor: Skin              ||     4
Dodge: Dodged            ||    23
Block: Kite shield       ||    22

Table legend:
 A = Non-vault XP
 B = Vault XP
 C = Vault XP percentage of total XP
 D = Non-vault monster count
 E = Vault monster count
 F = Vault count percentage of total count
                 A         B        C        D         E       F
            +---------+---------+-------+---------+---------+-------
      Total |      49 |      14 |  22.2 |      21 |       8 |  27.6
            +---------+---------+-------+---------+---------+-------
        D:1 |      26 |      14 |  35.0 |      15 |       8 |  34.8
        D:2 |      23 |       0 |   0.0 |       6 |       0 |   0.0
            +---------+---------+-------+---------+---------+-------
